 Dungeon Crawl Stone Soup version 0.28.0-43-g3370ac3207 (webtiles) character file.

Game seed: 7380942196095239780

546 experimilk the Shooter (level 7, -10/37 HPs)
             Began as a Deep Elf Arcane Marksman on Mar 13, 2022.
             Killed from afar by a steam dragon (18 damage)
             ... with a ball of steam
             ... on level 4 of the Dungeon.
             The game lasted 00:17:43 (8959 turns).

experimilk the Shooter (Deep Elf Arcane Marksman)   Turns: 8959, Time: 00:17:43

Health: -10/37     AC:  3    Str:  9    XL:     7   Next: 6%
Magic:  11/11      EV: 12    Int: 18    God:
Gold:   153        SH:  0    Dex: 15    Spells: 1/9 levels left

rFire   . . .      SeeInvis .   a - +0 shortbow
rCold   . . .      Faith    .   (shield currently unavailable)
rNeg    . . .      Spirit   .   d - +0 robe
rPois   .          Reflect  .   (no helmet)
rElec   .          Harm     .   (no cloak)
rCorr   .          Rampage  .   k - +0 pair of gloves
Will    .....                   (no boots)
Stlth   +.........              (no amulet)
HPRegen 0.12/turn               (no ring)
MPRegen 0.12/turn               (no ring)

@: no status effects
A: no striking features
a: no special abilities


You were on level 4 of the Dungeon.
You visited 1 branch of the dungeon, and saw 5 of its levels.

You collected 153 gold pieces.

Inventory:

Hand Weapons
 a - a +0 shortbow (weapon)
 b - a +2 short sword of venom
 n - a +0 short sword
Missiles
 e - 20 arrows (quivered ammo)
 o - 27 stones
Armour
 d - a +0 robe (worn)
 k - a +0 pair of gloves (worn)
 m - a +0 leather armour
Jewellery
 h - a ring of resist corrosion
Wands
 l - a wand of paralysis (7)
Scrolls
 j - a scroll of silence
 p - a scroll of vulnerability {unknown}
Potions
 c - a potion of berserk rage
 f - 2 potions of heal wounds {unknown}
 g - 2 potions of mutation {unknown}
 i - 2 potions of curing {unknown}


   Skills:
 - Level 0.7 Fighting
 + Level 3.1 Short Blades
 * Level 7.8 Bows
 - Level 2.4 Dodging
 - Level 1.5 Spellcasting
 * Level 6.1 Hexes


You had one spell level left.
You knew the following spells:

 Your Spells              Type           Power      Damage    Failure   Level
a - Slow                  Hex            92%        N/A       1%          1
b - Tukima's Dance        Hex            23%        N/A       4%          3
c - Cause Fear            Hex            11%        N/A       16%         4

Your spell library contained the following spells:

 Spells                   Type           Power      Damage    Failure   Level
 Inner Flame              Hex/Fire       12%        N/A       16%         3
 Portal Projectile        Hex/Tloc       24%        N/A       16%         3
 Yara's Violent Unravell  Hex/Tmut       6%         3d5       83%         5
 Passage of Golubria      Tloc           1%         N/A       88%         4


Dungeon Overview and Level Annotations

Branches:
Dungeon (5/15)
 Temple: D:4-7

Altars:
Ashenzari
Yredelemnul


Message History

You see here an iguana corpse.
You start resting.
A steam dragon is nearby!
Fire: 24 arrows
Press: ? - help, Q - select action, (/) - cycle Shift-Dir - straight line, f/p - steam dragon
Aim: a steam dragon (slow, 62% to hit)
You shoot an arrow.
The arrow barely misses the steam dragon.
Fire: 23 arrows
Press: ? - help, Q - select action, (/) - cycle Shift-Dir - straight line, f/p - steam dragon
Aim: a steam dragon (slow, 62% to hit)
You shoot an arrow.
The arrow completely misses the steam dragon.
The steam dragon is no longer moving slowly.
Fire: 22 arrows
Press: ? - help, Q - select action, (/) - cycle Shift-Dir - straight line, f/p - steam dragon
Aim: a steam dragon (62% to hit)
You shoot an arrow.
The arrow hits the steam dragon but does no damage.
Fire: 21 arrows
Press: ? - help, Q - select action, (/) - cycle Shift-Dir - straight line, f/p - steam dragon
Aim: a steam dragon (62% to hit)
You shoot an arrow. The arrow hits the steam dragon.
The steam dragon is lightly wounded.
The steam dragon breathes steam at you. The ball of steam hits you!!
Ouch! That really hurt!
* * * LOW HITPOINT WARNING * * *
Fire: 20 arrows
Press: ? - help, Q - select action, (/) - cycle Shift-Dir - straight line, f - you Really target yourself?
Okay, then.
You are engulfed in a cloud of scalding steam.
* * * LOW HITPOINT WARNING * * *
The steam dragon breathes steam at you. The ball of steam misses you.
Found an escape hatch in the ceiling.
The steam dragon breathes steam at you. The ball of steam hits you!!
You die...

....######.......##.###.....#
##### #.#####....# #.###.#
#.# ###..### #.....# ###.#
#....### #######
#...###......# #.###........#
#.# #...#D...# #.# #.###§...#
####.# #.# #@...# #..[.# ###
#....# #.##)# #....# #.##.#
#....# #...<### #.<..# ##
#......# ###### .####...†..#
.##.#......# .##.#......#


You could see a steam dragon (catching breath).

Vanquished Creatures
  Edmund (D:4)
  A dancing weapon (D:4)
  An ogre (D:4)
  2 iguanas (D:4)
  2 howler monkey skeletons (D:4)
  10 gnolls
  3 adders
  A dart slug (D:2)
  An orc (D:4)
  10 bats
  7 endoplasms
  2 giant cockroaches (D:4)
  4 goblins
  7 hobgoblins
  A quokka (D:1)
  8 ball pythons
  A frilled lizard (D:1)
  7 kobolds
  6 rats
75 creatures vanquished.

Vanquished Creatures (collateral kills)
  An ogre (D:4)
  3 orcs (D:3)
  A goblin (D:3)
  A hobgoblin (D:4)
6 creatures vanquished.

Vanquished Creatures (others)
  A dancing weapon (D:4)
  A fungus (D:2)
2 creatures vanquished.

Grand Total: 83 creatures vanquished

Notes
Turn   | Place    | Note
-------+----------+-------------------------------------------
     0 | D:1      | experimilk the Deep Elf Arcane Marksman began the quest for
                  | the Orb.
     0 | D:1      | Reached XP level 1. HP: 11/11 MP: 5/5
   143 | D:1      | Reached skill level 3 in Bows
   235 | D:1      | Reached XP level 2. HP: 16/16 MP: 6/6
   402 | D:1      | Reached skill level 4 in Bows
  2033 | D:2      | Reached XP level 3. HP: 17/20 MP: 5/7
  2577 | D:2      | Reached skill level 5 in Bows
  3370 | D:2      | Reached XP level 4. HP: 23/24 MP: 5/8
  3484 | D:2      | Reached skill level 1 in Short Blades
  3938 | D:2      | Found a faded altar of an unknown god.
  4745 | D:2      | Learned a level 3 spell: Tukima's Dance
  5246 | D:3      | Reached skill level 6 in Bows
  5607 | D:3      | Reached XP level 5. HP: 28/28 MP: 4/9
  5655 | D:3      | Found a basalt altar of Yredelemnul.
  6109 | D:3      | Paralysed by an orc for 6 turns
  6584 | D:3      | Found a broken altar of Ashenzari.
  7004 | D:4      | Noticed an ogre
  7017 | D:4      | Killed a +0 giant spiked club
  7018 | D:4      | Killed an ogre
  7019 | D:4      | Reached skill level 7 in Bows
  7019 | D:4      | Reached skill level 5 in Hexes
  7019 | D:4      | Reached XP level 6. HP: 33/33 MP: 6/10
  7238 | D:4      | Learned a level 4 spell: Cause Fear
  7245 | D:4      | Noticed Edmund
  7318 | D:4      | Killed Edmund
  8596 | D:4      | Reached XP level 7. HP: 18/37 MP: 9/11
  8843 | D:4      | Noticed a steam dragon
  8858 | D:5      | Entered Level 5 of the Dungeon
  8959 | D:4      | Killed from afar by a steam dragon

Illustrated notes

Levels and vault maps discovered:
D:1:      psy_arrival_whirlpool, layout_basic
D:2:      layout_rooms, shapermc_ecumenical_altar_ellora, minmay_box_of_dots
D:3:      layout_loops_ring, mainiacjoe_overflow_alcove_4,
          mainiacjoe_overflow_paths
D:4:      layout_basic, uniq_edmund
D:5:      layout_rooms, nicolae_ossuary_entry_false_entrances,
          chequers_serial_rivers_marsh

Skill      XL: |  1  2  3  4  5  6 |
---------------+-------------------+-----
Bows           | 3 4 5 6 7 |  7.8
Short Blades   | 1 2 3 |  3.1
Hexes          | 5 6 |  6.1
Fighting       | |  0.7
Dodging        | |  2.4
Spellcasting   | |  1.5

Action                   |  1- 3 |  4- 6 |  7- 9 || total
-------------------------+-------+-------+-------++-------
Melee: Short sword       |    71 |    95 |       ||   166
       Punch             |     2 |     1 |       ||     3
 Fire: Shortbow          |    75 |   122 |    12 ||   209
 Cast: Slow              |    19 |    26 |     2 ||    47
       Tukima's Dance    |       |    16 |       ||    16
  Use: Scroll            |     3 |     2 |       ||     5
 Stab: Sleeping          |     1 |     1 |       ||     2
Armor: Robe              |    20 |    33 |       ||    53
Dodge: Dodged            |    70 |    81 |     3 ||   154
